 Dungeon Crawl Stone Soup version 0.22.0-49-gab54619674 (webtiles) character file.

161 Americanboy the Skirmisher (level 5, -1/33 HPs)
             Began as a Gargoyle Fighter on Sept 4, 2018.
             Slain by Sigmund
             ... wielding a +0 scythe
              (6 damage)
             ... on level 2 of the Dungeon.
             The game lasted 00:03:08 (1282 turns).

Americanboy the Skirmisher (Gargoyle Fighter)       Turns: 1282, Time: 00:03:09

Health: -1/33      AC: 11    Str: 21    XL:     5   Next: 42%
Magic:  5/5        EV:  7    Int:  8    God:
Gold:   50         SH:  9    Dex:  9    Spells: 4/4 levels left

rFire    . . .     SeeInvis .   a - +0 war axe
rCold    . . .     Gourm    +   c - +0 shield
rNeg     + . .     Faith    .   b - +0 scale mail
rPois    ∞         Spirit   .   (no helmet)
rElec    +         Reflect  .   (no cloak)
rCorr    .         Harm     .   (no gloves)
MR       .....                  (no boots)
Stlth    ..........             j - amulet of the gourmand
HPRegen  0.11/turn              (no ring)
MPRegen  0.09/turn              (no ring)

@: no status effects
A: negative energy resistance 1, electricity resistance, unbreathing,
petrification resistance, rot immunity, AC +4
a: no special abilities


You were on level 2 of the Dungeon.
You were not hungry.

You visited 1 branch of the dungeon, and saw 2 of its levels.

You collected 50 gold pieces.

Inventory:

Hand Weapons
 a - a +0 war axe (weapon)
Armour
 b - a +0 scale mail (worn)
 c - a +0 shield (worn)
Jewellery
 j - an amulet of the gourmand (around neck)
Scrolls
 e - 3 scrolls of magic mapping {unknown}
Potions
 d - 2 potions of might
 i - a potion of resistance
Comestibles
 f - 2 rations


   Skills:
 * Level 4.0 Fighting
 * Level 3.6 Axes
 + Level 3.9 Armour
 + Level 1.0 Dodging
 + Level 3.6 Shields


You had 4 spell levels left.
You didn't know any spells.
Your spell library was empty.

Dungeon Overview and Level Annotations

Branches:
Dungeon (2/15)

Altars:

Annotations:
D:2 Sigmund


Innate Abilities, Weirdness & Mutations

You are resistant to torment.
Your stone body is resilient. (AC +4)
You are immune to poison.
You resist negative energy. (rN+)
You are resistant to electric shocks. (rElec)
You can survive without breathing.
You are immune to petrification.
You are immune to rotting.


Message History

Deactivating autopickup; reactivate with Ctrl-A.
Something hits you.
Your shield and scale mail prevent you from hitting something.
Something hits you!
You barely miss something.
You hear some strange, mumbled words.
A magic dart appears from out of thin air!
The magic dart hits you! Something hits you but does no damage.
You barely miss something. Something hits you.
You miss something. Something hits you but does no damage.
You miss something. You miss something. Something hits you.
* * * LOW HITPOINT WARNING * * *
You miss something. Something hits you.
* * * LOW HITPOINT WARNING * * *
You closely miss something.
You hear some strange, mumbled words.
A puff of flame appears from out of thin air!
The puff of flame hits you! Something hits you.
You die...

####### #.#
##########..### #.#
#...†.
#.#############.####
#.#........(....#
#.#.#############
#.#.# #.# #.# #@#
#{# #.# #.. ###


There were no monsters in sight!

Vanquished Creatures
  A phantom (D:2)
  2 adders (D:2)
  An ooze (D:1)
  A worm (D:2)
  2 dart slugs
  A leopard gecko (D:2)
  4 bats
  4 goblins
  6 hobgoblins
  4 jackals (D:2)
  3 kobolds
  2 quokkas (D:2)
  7 frilled lizards
  7 rats (D:1)
45 creatures vanquished.

Notes
Turn   | Place    | Note
-------+----------+-------------------------------------------
     0 | D:1      | Americanboy the Gargoyle Fighter began the quest for the
                  | Orb.
     0 | D:1      | Reached XP level 1. HP: 14/14 MP: 1/1
    74 | D:1      | Reached XP level 2. HP: 19/19 MP: 2/2
   290 | D:1      | Reached XP level 3. HP: 22/23 MP: 3/3
   676 | D:2      | Reached XP level 4. HP: 27/29 MP: 4/4
   922 | D:2      | Noticed a phantom
   991 | D:2      | Killed a phantom
   991 | D:2      | Reached skill level 4 in Fighting
   991 | D:2      | Reached skill level 1 in Dodging
   991 | D:2      | Reached XP level 5. HP: 5/33 MP: 5/5
  1270 | D:2      | Noticed Sigmund
  1282 | D:2      | Slain by Sigmund

Skill      XL: |  1  2  3  4 |
---------------+-------------+-----
Axes           | 2 3 |  3.6
Fighting       | 4 |  4.0
Dodging        | 1 |  1.0
Armour         | |  3.9
Shields        | |  3.6

Action                   |  1- 3 |  4- 6 || total
-------------------------+-------+-------++-------
Melee: War axe           |   104 |    68 ||   172
  Use: Scroll            |     4 |       ||     4
       Potion            |       |     3 ||     3
  Eat: Ration            |       |     1 ||     1
Armor: Scale mail        |    74 |    23 ||    97
Dodge: Dodged            |    49 |    20 ||    69
Block: Shield            |    57 |    21 ||    78
